 Dungeon Crawl Stone Soup version 0.26-a0-362-g1d9a9cd4fa (webtiles) character file.

Game seed: 13126787127492324138

2903 KristoblXynda the Grappler (level 9, -2/92 HPs)
             Began as a Troll Monk on July 18, 2020.
             Was a Priest of Cheibriados.
             Slain by a two-headed ogre
             ... wielding a +0 giant spiked club
              (9 damage)
             ... on level 8 of the Dungeon.
             The game lasted 00:08:56 (5850 turns).

KristoblXynda the Grappler (Troll Monk)             Turns: 5850, Time: 00:08:56

Health: -2/92      AC:  7    Str: 27    XL:     9   Next: 49%
Magic:  8/8        EV: 16    Int: 15    God:    Cheibriados [***...]
Gold:   350        SH:  0    Dex: 24    Spells: 8/8 levels left

rFire    . . .     SeeInvis .     - Unarmed
rCold    . . .     Faith    .   (no shield)
rNeg     + . .     Spirit   .   l - +1 robe {rN+}
rPois    +         Reflect  .   (helmet restricted)
rElec    .         Harm     .   (no cloak)
rCorr    .                      (gloves unavailable)
MR       .....                  (boots unavailable)
Stlth    ++........             (no amulet)
HPRegen  0.65/turn              k - ring of poison resistance
MPRegen  0.11/turn              o - +6 ring of dexterity

@: very slow
A: large, unfitting armour, claws 3, regeneration 1, shaggy fur 1, tough skin 3
a: Bend Time, Temporal Distortion, Renounce Religion


You were on level 8 of the Dungeon.
You worshipped Cheibriados.
Cheibriados was most pleased with you.
You visited 2 branches of the dungeon, and saw 9 of its levels.

You collected 350 gold pieces.

Inventory:

Hand Weapons
 n - a +0 broad axe
 u - a +0 war axe of flaming
Armour
 l - a +1 robe of positive energy (worn)
 v - +1 steam dragon scales
Jewellery
 k - a ring of poison resistance (left claw)
 o - a +6 ring of dexterity (right claw)
Wands
 b - a wand of iceblast (3)
Scrolls
 c - 3 scrolls of teleportation
 d - 2 scrolls of fog
 e - 3 scrolls of enchant weapon {unknown}
 g - 3 scrolls of blinking
 m - a scroll of enchant armour {unknown}
 p - 2 scrolls of remove curse {unknown}
 r - a scroll of immolation {unknown}
 s - 2 scrolls of random uselessness {unknown}
 t - a scroll of noise {unknown}
 w - a scroll of amnesia {unknown}
 y - 2 scrolls of identify
Potions
 a - 2 potions of brilliance
 f - 3 potions of curing
 h - a potion of invisibility
 i - a potion of lignification
 j - a potion of heal wounds
 q - a potion of flight
 x - a potion of might


   Skills:
 + Level 6.9 Fighting
 + Level 6.8 Dodging
 - Level 1.0 Stealth
 + Level 8.2 Unarmed Combat


You had 8 spell levels left.
You didn't know any spells.
Your spell library contained the following spells:

 Spells                   Type           Power        Failure   Level
 Animate Skeleton         Necr           #.....       26%         1
 Apportation              Tloc           #.....       26%         1
 Corona                   Hex            #......      26%         1
 Summon Small Mammal      Summ           #...         26%         1
 Cause Fear               Hex            #.........   95%         4
 Ice Form                 Ice/Tmut       #.......     95%         4
 Metabolic Englaciation   Hex/Ice        #.........   100%        5
 Silence                  Hex/Air        #.........   100%        5
 Yara's Violent Unravell  Hex/Tmut       #.........   100%        5
 Freezing Cloud           Conj/Ice/Air   #.........   100%        6
 Ozocubu's Refrigeration  Ice            #.........   100%        6
 Simulacrum               Ice/Necr       #.........   100%        6
 Discord                  Hex            #.........   100%        8


Dungeon Overview and Level Annotations

Branches:
Dungeon (8/15)             Temple (1/1) D:7
   Lair: D:8-11

Altars:
Ashenzari
Cheibriados
Dithmenos
Elyvilon
Fedhas
Gozag
Hepliaklqana
Kikubaaqudgha
Makhleb
Okawaru
Ru
Sif Muna
Trog
Wu Jian
Xom
Yredelemnul
Zin
The Shining One


Innate Abilities, Weirdness & Mutations

You are too large for most types of armour.
You have claws for hands.
Your natural rate of healing is unusually fast.
You are covered in fur. (AC +1)
You have extremely tough skin. (AC +3)


Message History

A centaur comes into view.
The centaur shouts!
The centaur hits you! The centaur misses you.
You mangle the centaur!! You claw the centaur.
You kill the centaur!
Cheibriados thoroughly appreciates the change of pace.
The iguana closely misses you.
The orc shouts!
The two-headed ogre shouts in stereo!
The two-headed ogre hits you with a +0 giant spiked club!!
The two-headed ogre closely misses you.
Found a manual of Fire Magic.
Things that are here:
a +0 shortbow; 17 arrows; a centaur corpse The iguana bites you.
The two-headed ogre hits you with a +0 giant spiked club!!
The two-headed ogre closely misses you.
The two-headed ogre hits you with a +0 giant spiked club!!
* * * LOW HITPOINT WARNING * * *
The two-headed ogre hits you with a +0 giant spiked club!
You die...

# #....########### # #.##.#
#....... ########### ######.##.#
#.###### ....##≈≈≈≈###≈≈≈≈#.##.#
#.# #
.##.##≈##≈≈##≈##≈≈.##.####.### #
≈≈≈...≈≈##≈≈≈≈≈##≈≈≈≈≈≈≈.....# #
##≈≈≈≈≈≈≈##############≈≈≈≈≈.## #
≈##≈######..≈#..≈.#l≈)#####≈≈≈###
≈≈###(#.#.#.#..#@#.#.#.o..###≈≈##
#≈'..≈.≈...#..†.#O≈o#..#...:##≈##
≈≈###.#.#.#..#.#.#.#.....####≈≈..
≈##≈######.#≈.#.≈.#.######≈≈≈≈..#
##≈≈≈≈≈≈≈############≈≈≈≈≈≈#...##
≈≈≈#.#≈≈##≈≈≈≈≈≈≈≈##≈≈###########
####.#≈##≈≈#####≈##≈≈## #.
#.#≈≈≈≈## #≈≈≈≈## #. #.######
######


You could see a two-headed ogre and an orc.

Vanquished Creatures
  Maggie (D:6)
  Menkaure (D:4)
  Edmund (D:4)
  2 orc warriors (D:8)
  2 ice beasts
  A sky beast (D:8)
  A black bear (D:6)
  5 ogres
  3 centaurs
  3 bullfrogs
  2 scorpions (D:6)
  A howler monkey (D:6)
  2 hounds
  An orc priest (D:8)
  2 iguanas
  2 jellies
  2 orc wizards (D:4)
  A bullfrog skeleton (D:5)
  Natasha (D:4)
  8 worker ants
  A killer bee zombie (D:6)
  A hound skeleton (D:7)
  Robin (D:2)
  6 gnolls
  12 adders
  A shadow imp (D:5)
  An ooze (D:2)
  An adder zombie (D:6)
  3 worms
  7 dart slugs
  3 leopard geckos
  36 orcs
  6 giant cockroaches
  16 goblins
  10 hobgoblins
  2 jackals (D:5)
  7 kobolds
  2 quokkas
  2 ball pythons
  8 bats
  2 frilled lizards
  A leopard gecko zombie (D:5)
  A quokka skeleton (D:5)
  9 rats
181 creatures vanquished.

Notes
Turn   | Place    | Note
-------+----------+-------------------------------------------
     0 | D:1      | KristoblXynda the Troll Monk began the quest for the Orb.
     0 | D:1      | Reached XP level 1. HP: 22/22 MP: 0/0
   116 | D:1      | Reached XP level 2. HP: 24/29 MP: 1/1
   324 | D:1      | Reached XP level 3. HP: 36/36 MP: 2/2
   941 | D:2      | Reached XP level 4. HP: 45/45 MP: 3/3
  1009 | D:2      | Noticed Robin
  1067 | D:2      | Killed Robin
  1067 | D:2      | Reached skill level 4 in Unarmed Combat
  1439 | D:2      | Reached XP level 5. HP: 39/53 MP: 4/4
  1489 | D:2      | Found a faded altar of an unknown god.
  2050 | D:4      | Noticed Edmund
  2097 | D:4      | Killed Edmund
  2097 | D:4      | Reached XP level 6. HP: 62/62 MP: 5/5
  2405 | D:4      | Noticed Menkaure
  2428 | D:4      | Killed Menkaure
  2428 | D:4      | Reached skill level 5 in Unarmed Combat
  2428 | D:4      | Reached XP level 7. HP: 55/70 MP: 6/6
  2539 | D:4      | Noticed Natasha
  2545 | D:4      | Killed Natasha
  2822 | D:5      | Entered Level 5 of the Dungeon
  2988 | D:5      | Reached skill level 5 in Fighting
  2988 | D:5      | Reached skill level 5 in Dodging
  2988 | D:5      | Reached skill level 6 in Unarmed Combat
  3036 | D:5      | Reached XP level 8. HP: 77/80 MP: 7/7
  3158 | D:5      | Found an ornate altar of the Wu Jian Council.
  3894 | D:6      | Noticed Maggie
  3900 | D:6      | Reached skill level 7 in Unarmed Combat
  3922 | D:6      | Killed Maggie
  3930 | D:6      | Reached XP level 9. HP: 21/89 MP: 8/8
  4365 | D:7      | Found a staircase to the Ecumenical Temple.
  4381 | Temple   | Entered the Ecumenical Temple
  4385 | Temple   | Became a worshipper of Cheibriados the Contemplative
  4385 | Temple   | Reached * piety under Cheibriados
  4385 | Temple   | Reached ** piety under Cheibriados
  4750 | D:7      | Found a blossoming altar of Fedhas.
  5363 | D:8      | Reached skill level 8 in Unarmed Combat
  5594 | D:8      | Found Leuntitofeu's Mayhem Merchandise.
  5832 | D:8      | Reached *** piety under Cheibriados
  5841 | D:8      | Noticed a two-headed ogre
  5850 | D:8      | Slain by a two-headed ogre

Illustrated notes

Levels and vault maps discovered:
D:1:      dpeg_arrival_leaves_temple_mockup, layout_basic
D:2:      layout_rooms, chequers_ecumenical_altar_grove, minivault_24,
          uniq_robin
D:3:      layout_rooms, hangedman_decor_peaks_small, st_stairs_1
D:4:      layout_basic, uniq_edmund, uniq_menkaure, uniq_natasha
D:5:      layout_loops_cross, lemuel_doored_altar
D:6:      layout_cave_pools, uniq_maggie
D:7:      layout_gridville, fedhas_altar_fruit_tree, minmay_temple_entry_grid
D:8:      layout_basic, special_room [special_room_orc], minmay_shop_mayhem,
          chequers_serial_rivers_micro_e, minmay_manual_mullet
Temple:   kb_temple_of_zot

Skill      XL: |  1  2  3  4  5  6  7  8  9 |
---------------+----------------------------+-----
Fighting       | 3 4 5 6 |  6.9
Dodging        | 3 4 5 6 |  6.8
Unarmed Combat | 4 5 6 7 8 |  8.2
Stealth        | |  1.0

Action                   |  1- 3 |  4- 6 |  7- 9 || total
-------------------------+-------+-------+-------++-------
Melee: Unarmed           |    81 |   189 |   225 ||   495
       Punch             |     1 |       |    13 ||    14
Evoke: Wand              |       |       |     4 ||     4
  Use: Scroll            |       |     4 |     6 ||    10
       Potion            |       |       |     1 ||     1
 Stab: Sleeping          |     4 |     2 |     8 ||    14
Armor: Robe              |    32 |    64 |    47 ||   143
       Skin              |       |     4 |       ||     4
Dodge: Dodged            |    56 |   101 |   122 ||   279

Table legend:
 A = Non-vault XP
 B = Vault XP
 C = Vault XP percentage of total XP
 D = Non-vault monster count
 E = Vault monster count
 F = Vault count percentage of total count
                 A         B        C        D         E       F
            +---------+---------+-------+---------+---------+-------
      Total |    2848 |    1300 |  31.3 |     136 |      45 |  24.9
            +---------+---------+-------+---------+---------+-------
        D:1 |      53 |       0 |   0.0 |      28 |       0 |   0.0
        D:2 |     138 |      36 |  20.7 |      26 |      13 |  33.3
        D:3 |      24 |      14 |  36.8 |       9 |       2 |  18.2
        D:4 |     355 |     360 |  50.3 |      17 |       3 |  15.0
        D:5 |     739 |       0 |   0.0 |      24 |       0 |   0.0
        D:6 |     779 |     370 |  32.2 |      16 |       1 |   5.9
        D:7 |     223 |       0 |   0.0 |       6 |       0 |   0.0
        D:8 |     537 |     520 |  49.2 |      10 |      26 |  72.2
            +---------+---------+-------+---------+---------+-------
